 Dungeon Crawl Stone Soup version 0.23-a0-169-gb21e695 (webtiles) character file.

1842 grindst0ne the Chopper (level 8, -3/70 HPs)
             Began as a Demigod Gladiator on Sept 11, 2018.
             Slain by Pikel
             ... wielding a +0 whip of electrocution
              (19 damage)
             ... on level 7 of the Dungeon.
             The game lasted 00:09:31 (6656 turns).

grindst0ne the Chopper (Demigod Gladiator)          Turns: 6656, Time: 00:09:32

Health: -3/70      AC: 15    Str: 21    XL:     8   Next: 57%
Magic:  15/15      EV: 13    Int: 12    God:
Gold:   420        SH:  0    Dex: 17    Spells: 5/7 levels left

rFire    . . .     SeeInvis .   m - +2 scythe (flame)
rCold    . . .     Gourm    .   (shield currently unavailable)
rNeg     . . .     Faith    .   c - +0 plate armour
rPois    .         Spirit   .   p - +1 helmet
rElec    .         Reflect  .   E - +0 cloak
rCorr    .         Harm     .   H - +0 pair of gloves
MR       +....                  (no boots)
Stlth    ..........             G - amulet of rage
HPRegen  0.21/turn              t - +6 ring of evasion
MPRegen  0.14/turn              z - ring of protection from magic

@: no status effects
A: high mp 1
a: Evoke Berserk Rage


You were on level 7 of the Dungeon.
You were very full.

You visited 1 branch of the dungeon, and saw 8 of its levels.

You collected 420 gold pieces.

Inventory:

Hand Weapons
 a - a +0 war axe
 l - a +1 whip of pain
 m - a +2 scythe of flaming (weapon)
Missiles
 d - 2 throwing nets (quivered)
 B - 8 javelins
Armour
 c - a +0 plate armour (worn)
 p - a +1 helmet (worn)
 E - a +0 cloak (worn)
 H - a +0 pair of gloves (worn)
Jewellery
 i - an uncursed amulet of the gourmand
 t - a +6 ring of evasion (left hand)
 z - a ring of protection from magic (right hand)
 G - an amulet of rage (around neck)
Wands
 b - a wand of paralysis (17)
 u - a wand of iceblast (6)
 F - a wand of digging (11)
Scrolls
 e - 5 scrolls of teleportation
 g - a scroll of fog {unknown}
 h - a scroll of magic mapping {unknown}
 j - 2 scrolls of enchant weapon
 k - 9 scrolls of remove curse
 o - a scroll of fear
 r - 4 scrolls of enchant armour
 v - 3 scrolls of immolation {unknown}
 y - 2 scrolls of amnesia {unknown}
Potions
 n - a potion of resistance
 s - a potion of agility
 w - 2 potions of invisibility
 x - 2 potions of curing
 A - a potion of heal wounds {unknown}
 C - a potion of haste {unknown}
 D - a potion of lignification {unknown}
Comestibles
 f - 18 rations


   Skills:
 + Level 5.9 Fighting
 + Level 6.2 Axes
 - Level 1.7 Throwing
 - Level 3.0 Armour
 - Level 3.0 Dodging
 * Level 5.7 Evocations


You had 5 spell levels left.
You knew the following spells:

 Your Spells              Type           Power        Failure   Level  Hunger
a - Blink                 Tloc           N/A          100%        2    ###....

Your spell library contained the following spells:

 Spells                   Type           Power        Failure   Level  Hunger
 Magic Dart               Conj           #...         100%        1    ##.....
 Call Imp                 Summ           #.......     100%        2    ###....
 Searing Ray              Conj           #.....       100%        2    ###....
 Slow                     Hex            #.......     100%        2    ###....
 Conjure Flame            Conj/Fire      #.......     100%        3    ####...
 Dazzling Spray           Conj/Hex       #.....       100%        3    ####...
 Mephitic Cloud           Conj/Pois/Air  #.......     100%        3    ####...
 Force Lance              Conj/Tloc      #.......     100%        4    #####..
 Fulminant Prism          Conj/Hex       #.........   100%        4    #####..
 Iskenderun's Mystic Bla  Conj           #.......     100%        4    #####..


Dungeon Overview and Level Annotations

Branches:
Dungeon (8/15)             Temple (0/1) D:5
   Lair: D:8-11

Shops:
D:4 [%%

Annotations:
D:4 Duvessa
D:7 3 runed doors, Arum's ghost, novice FoFi; Pikel


Innate Abilities, Weirdness & Mutations

You have an increased reservoir of magic. (+10% MP)


Message History

That felt strangely unrewarding.
Pikel hits you but does no damage.
You are electrocuted!
Pikel misses you.
You closely miss Pikel.
Pikel is lightly wounded.
Pikel completely misses you. Pikel hits you but does no damage.
You hit Pikel but do no damage.
Pikel is lightly wounded.
Pikel misses you. Pikel barely misses you.
You closely miss Pikel.
Pikel is lightly wounded.
Pikel hits you but does no damage.
You hit Pikel. You burn Pikel.
Pikel is lightly wounded.
Pikel hits you with a whip of electrocution.
Pikel hits you with a whip of electrocution!
* * * LOW HITPOINT WARNING * * *
You hit Pikel but do no damage.
Pikel is lightly wounded.
Pikel hits you but does no damage.
You are electrocuted!
You die...

##### #@..#
#[K.#
######...#
#####........#
#.........(..#
#.##+++##....#
###KKKKK##...#
####
#K#KWK#K#...###
#...
#⌠.#K#.⌠#.....#
#...


You could see Pikel and a big kobold.

Vanquished Creatures
  Sigmund (D:6)
  Edmund (D:6)
  Menkaure (D:7)
  A sky beast (D:7)
  An ogre (D:6)
  A slave (D:7)
  3 centaurs
  A big kobold (D:7)
  3 bullfrogs
  Dowan (D:4)
  2 scorpions
  A howler monkey (D:4)
  A crimson imp (D:6)
  A bullfrog zombie (D:7)
  A jelly (D:5)
  An orc priest (D:6)
  Jessica (D:2)
  2 iguanas
  4 worker ants
  A hound skeleton (D:7)
  A howler monkey zombie (D:6)
  Robin (D:2)
  9 adders
  2 gnolls (D:2)
  2 shadow imps
  4 oozes
  An adder skeleton (D:7)
  A worm (D:3)
  A dart slug (D:1)
  2 leopard geckos
  7 orcs
  2 ball pythons
  7 bats
  6 giant cockroaches
  18 goblins
  10 hobgoblins
  7 jackals
  4 quokkas
  7 frilled lizards
  A jackal skeleton (D:7)
  14 kobolds
  A leopard gecko skeleton (D:4)
  4 rats
  2 plants (D:2)
143 creatures vanquished.

Notes
Turn   | Place    | Note
-------+----------+-------------------------------------------
     0 | D:1      | grindst0ne the Demigod Gladiator began the quest for the
                  | Orb.
     0 | D:1      | Reached XP level 1. HP: 17/17 MP: 3/3
   209 | D:1      | Reached XP level 2. HP: 5/24 MP: 4/4
   231 | D:1      | Reached skill level 3 in Axes
  1135 | D:2      | Reached XP level 3. HP: 30/30 MP: 5/5
  1135 | D:2      | Noticed Robin
  1149 | D:2      | Killed Robin
  1431 | D:2      | Reached XP level 4. HP: 22/38 MP: 6/6
  1680 | D:2      | Found an iron altar of Okawaru.
  1748 | D:2      | Noticed Jessica
  1765 | D:2      | Killed Jessica
  1765 | D:2      | Reached skill level 4 in Axes
  2571 | D:3      | Reached XP level 5. HP: 28/45 MP: 7/7
  3004 | D:4      | Found Xaroi's Armour Shoppe.
  3104 | D:4      | Found a blossoming altar of Fedhas.
  3105 | D:4      | Found a glowing golden altar of the Shining One.
  3137 | D:4      | Noticed Dowan
  3143 | D:4      | Noticed Duvessa
  3184 | D:4      | Killed Dowan
  3184 | D:4      | Reached skill level 1 in Armour
  3325 | D:4      | Found an opulent altar of Gozag.
  3338 | D:4      | Found Duemyrgh's Food Shoppe.
  3385 | D:4      | Found Qoedd's Food Emporium.
  4078 | D:5      | Entered Level 5 of the Dungeon
  4133 | D:5      | Reached XP level 6. HP: 52/52 MP: 8/8
  4216 | D:5      | Reached skill level 1 in Evocations
  4695 | D:5      | Found a white marble altar of Elyvilon.
  4914 | D:5      | Found a staircase to the Ecumenical Temple.
  5409 | D:6      | Noticed Sigmund
  5418 | D:6      | Killed Sigmund
  5418 | D:6      | Reached skill level 5 in Axes
  5418 | D:6      | Reached XP level 7. HP: 52/60 MP: 11/11
  5689 | D:6      | Noticed Edmund
  5703 | D:6      | Killed Edmund
  5703 | D:6      | Reached skill level 5 in Fighting
  6147 | D:7      | Reached XP level 8. HP: 60/68 MP: 12/14
  6180 | D:7      | Noticed Menkaure
  6182 | D:7      | Killed Menkaure
  6227 | D:7      | Reached skill level 6 in Axes
  6227 | D:7      | Reached skill level 5 in Evocations
  6259 | D:7      | Learned a level 2 spell: Blink
  6426 | D:7      | Found a runed gate.
  6427 | D:7      | Noticed Arum's ghost (novice FoFi)
  6428 | D:7      | Found a runed gate.
  6428 | D:7      | Found a runed gate.
  6428 | D:7      | Noticed a kobold demonologist
  6636 | D:8      | Noticed Pikel
  6656 | D:7      | Slain by Pikel

Vault maps used:
D:1:      nzn_arrival_depleted_hourglass, minmay_ruptured
D:2:      wad_woods_stonehenge, grunt_decor_mini_mirrors, uniq_jessica,
          uniq_robin
D:3:      first_ration, grunt_decor_one_mirror
D:4:      grunt_gozag_statues, gammafunk_temple_overflow_pools, serial_shops,
          shop, shop, shop, uniq_duvessa
D:5:      nicolae_overflow_hidden_temple, minmay_temple_entry_nine_rooms
D:6:      mrwooster_statue_mirror, grunt_ministairs_15, uniq_edmund,
          uniq_sigmund
D:7:      gammafunk_ghost_nasty_kobolds, uniq_menkaure
D:8:      kennysheep_mini_moat, kiku_gazebo_garden_becter, old_standard_altar,
          ploomutoo_gammafunk_ghost_potion_laboratory, uniq_pikel

Skill      XL: |  1  2  3  4  5  6  7  8 |
---------------+-------------------------+-----
Fighting       | 2 3 4 5 |  5.9
Axes           | 3 4 5 6 |  6.2
Dodging        | 3 |  3.0
Armour         | 1 2 3 |  3.0
Evocations     | 2 4 5 |  5.7
Throwing       | |  1.7

Action                   |  1- 3 |  4- 6 |  7- 9 || total
-------------------------+-------+-------+-------++-------
Melee: War axe           |   151 |   215 |       ||   366
       Scythe            |       |       |   121 ||   121
Throw: Throwing net      |       |     1 |       ||     1
Evoke: Wand              |       |     2 |       ||     2
  Use: Scroll            |       |     8 |       ||     8
       Potion            |       |     1 |     1 ||     2
  Eat: Chunk             |     2 |    21 |     4 ||    27
Armor: Leather armour    |    28 |       |       ||    28
       Chain mail        |    17 |   112 |       ||   129
       Plate armour      |       |     7 |    96 ||   103
Dodge: Dodged            |    87 |   145 |   120 ||   352

Table legend:
 A = Non-vault XP
 B = Vault XP
 C = Vault XP percentage of total XP
 D = Non-vault monster count
 E = Vault monster count
 F = Vault count percentage of total count
                 A         B        C        D         E       F
            +---------+---------+-------+---------+---------+-------
      Total |    1828 |     804 |  30.5 |     112 |      28 |  20.0
            +---------+---------+-------+---------+---------+-------
        D:1 |      37 |      10 |  21.3 |      21 |       3 |  12.5
        D:2 |      42 |     107 |  71.8 |      16 |      19 |  54.3
        D:3 |      70 |       0 |   0.0 |      21 |       0 |   0.0
        D:4 |      72 |      69 |  48.9 |       7 |       1 |  12.5
        D:5 |     301 |       0 |   0.0 |      10 |       0 |   0.0
        D:6 |     414 |     449 |  52.0 |      14 |       4 |  22.2
        D:7 |     807 |     169 |  17.3 |      22 |       1 |   4.3
        D:8 |      85 |       0 |   0.0 |       1 |       0 |   0.0
            +---------+---------+-------+---------+---------+-------
